 Dungeon Crawl Stone Soup version 0.21-a0-286-g6fcecc0 (console) character file.

9614 nht the Severer (level 11, -1/85 HPs)
             Began as a Minotaur Hunter on Sept 26, 2017.
             Was an Elder of Okawaru.
             Slain by Snorg (21 damage)
             ... on level 10 of the Dungeon.
             The game lasted 00:24:02 (8986 turns).

nht the Severer (Minotaur Hunter)                   Turns: 8986, Time: 00:24:02

Health: -1/85      AC: 26    Str: 23    XL:     11   Next: 25%
Magic:  2/4        EV: 13    Int: 17    God:    Okawaru [****..]
Gold:   206        SH:  0    Dex: 12    Spells: 10/10 levels left

rFire    x . .     SeeInvis .   b - +0 war axe (antimagic)
rCold    . . .     Gourm    +   (no shield)
rNeg     + . .     Faith    .   y - +8 chain mail of Exclusion {rPois rF- Str+4 Int+7}
rPois    +         Spirit   .   t - +1 hat
rElec    .         Reflect  .   J - +1 cloak
rCorr    .         Harm     .   v - +1 pair of gloves
MR       .....                  (no boots)
Stlth    ..........             u - amulet of the gourmand
HPRegen  0.24/turn              w - ring of loudness (curse)
MPRegen  0.09/turn              g - ring of positive energy

@: heroism
A: retaliatory headbutt, horns 2, clever 1, high mp 1
a: Heroism, Renounce Religion


You were on level 10 of the Dungeon.
You worshipped Okawaru.
Okawaru was greatly pleased with you.
You were completely stuffed.

You visited 2 branches of the dungeon, and saw 11 of its levels.
You also visited: Sewer.

You collected 564 gold pieces.
You spent 358 gold pieces at shops.

Inventory:

Hand Weapons
 a - a +1 hand crossbow
 b - a +0 antimagic war axe (weapon)
 k - a +0 broad axe
 Q - a +2 battleaxe of electrocution
Missiles
 h - 89 bolts
Armour
 t - a +1 hat (worn)
 v - a +1 pair of gloves (worn)
 y - the +8 chain mail of Exclusion (worn) {rPois rF- Str+4 Int+7}
   (You found it on level 8 of the Dungeon)

   It affects your strength (+4).
   It affects your intelligence (+7).
   It makes you vulnerable to fire.
   It protects you from poison.
 J - a +1 cloak (worn)
Jewellery
 g - a ring of positive energy (right hand)
 u - an amulet of the gourmand (around neck)
 w - a cursed ring of loudness (left hand)
Wands
 p - a wand of polymorph (10/24)
 q - a wand of flame (14/48)
 E - a wand of lightning (0/15)
 F - a wand of digging (16/24)
 G - a wand of acid (0/15)
 M - a wand of iceblast (2/15)
Scrolls
 c - 3 scrolls of remove curse
 j - 6 scrolls of magic mapping
 l - 2 scrolls of recharging
 o - 2 scrolls of enchant armour
 r - 4 scrolls of blinking
 A - 2 scrolls of amnesia
 H - 2 scrolls of identify
 I - 2 scrolls of fog
 K - a scroll of teleportation
 O - a scroll of enchant weapon
Potions
 e - 3 potions of ambrosia
 i - 7 potions of curing
 m - 4 potions of flight
 n - 3 potions of heal wounds
 x - 2 potions of magic
 z - 2 potions of might
 B - a potion of brilliance
 C - a potion of resistance
 N - a potion of mutation
Comestibles
 d - 6 royal jellies
 f - 12 bread rations
 s - 4 meat rations
 D - 3 fruits
 P - 3 chunks of flesh


   Skills:
 - Level 4.7(9.7) Fighting
 + Level 15.1(20.1) Axes
 - Level 10.0(15.0) Crossbows
 - Level 6.7(11.7) Armour
 - Level 4.1(9.1) Dodging
 - Level 0.7(5.7) Stealth
 - Level 3.1 Invocations


You had 10 spell levels left.
You didn't know any spells.

Dungeon Overview and Level Annotations

Branches:
Dungeon (10/15)            Temple (1/1) D:7
   Lair: D:8-11         Orc: D:9-12

Altars:
Ashenzari
Cheibriados
Dithmenos
Elyvilon
Fedhas
Gozag
Hepliaklqana
Kikubaaqudgha
Makhleb
Nemelex Xobeh
Okawaru
Qazlal
Ru
Sif Muna
Trog
Uskayaw
Vehumet
Wu Jian
Xom
Yredelemnul
Zin
The Shining One

Shops:
D:9 *?

Annotations:
D:10 Snorg


Innate Abilities, Weirdness & Mutations

You reflexively headbutt those who attack you in melee.
You have a pair of horns on your head.
Your mind is acute. (Int +2)
You have an increased reservoir of magic. (+10% MP)


Message History

Snorg is severely wounded.
Snorg bites you! Snorg claws you!
* * * LOW HITPOINT WARNING * * *
Snorg barely misses you. x2; Snorg claws you but does no damage.
Snorg barely misses you.
You feel much better. Snorg bites you!
* * * LOW HITPOINT WARNING * * *
Snorg closely misses you. Snorg claws you but does no damage.
You feel much better. Snorg bites you! Snorg claws you!
* * * LOW HITPOINT WARNING * * *
Snorg claws you.
* * * LOW HITPOINT WARNING * * *
Snorg barely misses you. x3
You closely miss Snorg.
Snorg is severely wounded.
Snorg bites you!
* * * LOW HITPOINT WARNING * * *
Snorg claws you but does no damage. Snorg barely misses you.
You feel much better. Snorg bites you!!
You die... █████

█...█████ ████████████.......█
██████..........█.......█
.....█..........█.......█
.....█..........██......████████
.....÷..........@T..............
.....█....÷.....██.......███████
.....█[.........██........█
.....█...[......█████████(███
.....█..........█...........█
.....█..........█.......)...█
.....█..........█...........█
██████..........█...........█
.....████████████.........5T██


You could see Snorg (berserk).

Vanquished Creatures
  4 two-headed ogres
  A manticore (D:10)
  Maurice (D:9)
  The ghost of anet the Magician, a novice DEWz (D:6)
  The ghost of nht the Quickloader, a novice MiHu of Okawaru (D:5)
  A centaur skeleton (D:10)
  2 hippogriffs
  2 wyverns
  4 hogs (D:8)
  A human (D:8)
  2 hungry ghosts
  A water moccasin (D:6)
  A sky beast (D:6)
  4 ice beasts
  2 ogres
  2 black bears
  2 orc warriors
  4 phantoms
  A necrophage (D:9)
  4 centaurs
  2 big kobolds
  4 bullfrogs
  4 scorpions
  10 killer bees
  A howler monkey (D:7)
  3 crimson imps
  A quasit (D:9)
  A bullfrog skeleton (D:6)
  Crazy Yiuf (D:7)
  A centaur zombie (D:10)
  A jelly (D:7)
  2 orc priests
  Natasha (D:4)
  2 orc wizards (D:6)
  6 worker ants
  2 hound skeletons
  A worker ant zombie (D:6)
  4 gnolls (D:3)
  7 river rats (Sewer)
  10 adders
  2 shadow imps
  An ooze (D:4)
  2 adder zombies (D:5)
  2 worms (D:3)
  A dart slug (D:2)
  4 leopard geckos
  18 orcs
  7 ball pythons
  10 giant cockroaches
  14 goblins
  9 hobgoblins
  16 jackals
  2 quokkas
  8 bats
  5 frilled lizards
  25 kobolds
  2 leopard gecko skeletons
  22 rats
255 creatures vanquished.

Notes
Turn   | Place    | Note
-------+----------+-------------------------------------------
     0 | D:1      | nht the Minotaur Hunter began the quest for the Orb.
     0 | D:1      | Reached XP level 1. HP: 18/18 MP: 0/0
   152 | D:1      | Reached XP level 2. HP: 25/25 MP: 1/1
   155 | D:1      | Reached skill level 5 in Crossbows
   901 | D:2      | Reached XP level 3. HP: 30/30 MP: 2/2
  1711 | D:3      | Noticed a phantom
  1728 | D:3      | Reached XP level 4. HP: 37/37 MP: 3/3
  1896 | D:3      | Killed a phantom
  1896 | D:3      | Reached XP level 5. HP: 29/42 MP: 4/4
  2192 | D:4      | Noticed an ice beast
  2215 | D:4      | Killed an ice beast
  2215 | D:4      | Reached XP level 6. HP: 50/50 MP: 5/5
  2385 | D:4      | Found a shattered altar of Ashenzari.
  2676 | D:4      | Noticed Natasha
  2683 | D:4      | Killed Natasha
  2732 | D:5      | Entered Level 5 of the Dungeon
  2735 | D:5      | Reached XP level 7. HP: 46/56 MP: 6/6
  2854 | D:5      | Gained mutation: You have an increased reservoir of magic. (+10% MP) [potion of mutation]
  2854 | D:5      | Gained mutation: Your mind is acute. (Int +2) [potion of mutation]
  2860 | D:5      | Reached skill level 10 in Crossbows
  3154 | D:5      | Noticed nht's ghost (novice MiHu)
  3163 | D:5      | Killed nht's ghost
  3163 | D:5      | Reached XP level 8. HP: 62/62 MP: 7/7
  3336 | D:5      | Reached skill level 1 in Axes
  3543 | D:6      | Reached skill level 2 in Axes
  3552 | D:6      | Reached skill level 3 in Axes
  3599 | D:6      | Reached skill level 4 in Axes
  3637 | D:6      | Reached skill level 5 in Axes
  3738 | D:6      | Reached skill level 6 in Axes
  3783 | D:6      | Reached skill level 7 in Axes
  3804 | D:6      | Reached skill level 8 in Axes
  3822 | D:6      | Noticed anet's ghost (novice DEWz)
  3853 | D:6      | Killed anet's ghost
  3853 | D:6      | Reached skill level 9 in Axes
  3853 | D:6      | Reached XP level 9. HP: 23/68 MP: 2/8
  3982 | D:6      | Found a glowing drain.
  4071 | Sewer    | Entered a sewer
  4155 | Sewer    | Reached skill level 10 in Axes
  4795 | D:7      | Found a staircase to the Ecumenical Temple.
  4824 | Temple   | Entered the Ecumenical Temple
  4925 | Temple   | Became a worshipper of Warmaster Okawaru
  5332 | D:7      | Reached skill level 11 in Axes
  5552 | D:7      | Found a runed door.
  5807 | D:7      | Noticed Crazy Yiuf
  5812 | D:7      | Killed Crazy Yiuf
  5951 | D:8      | Reached * piety under Okawaru
  5956 | D:8      | Reached skill level 12 in Axes
  6065 | D:8      | Reached XP level 10. HP: 46/74 MP: 3/10
  6142 | D:8      | Reached skill level 13 in Axes
  6144 | D:8      | Noticed a two-headed ogre
  6159 | D:8      | Killed a two-headed ogre
  6159 | D:8      | Reached ** piety under Okawaru
  6205 | D:8      | Noticed a two-headed ogre
  6214 | D:8      | Killed a two-headed ogre
  6214 | D:8      | Reached skill level 14 in Axes
  6418 | D:8      | Got a shimmering chain mail
  6429 | D:8      | Identified the +8 chain mail of Exclusion {rPois rF- Str+4 Int+7} (You found it on level 8 of the Dungeon)
  6450 | D:8      | Noticed Maurice
  6474 | D:8      | Noticed a two-headed ogre
  6478 | D:8      | Reached skill level 5 in Armour
  6506 | D:8      | Killed a two-headed ogre
  6506 | D:8      | Reached *** piety under Okawaru
  6506 | D:8      | Reached skill level 1 in Invocations
  7605 | D:9      | Found Requbilo's Assorted Antiques.
  7757 | D:9      | Killed Maurice
  7994 | D:9      | Found Yfady's Magic Scroll Emporium.
  8002 | D:9      | Bought a scroll of fog for 20 gold pieces
  8002 | D:9      | Bought a scroll of teleportation for 30 gold pieces
  8002 | D:9      | Bought a scroll of teleportation for 30 gold pieces
  8002 | D:9      | Bought a scroll of magic mapping for 35 gold pieces
  8002 | D:9      | Bought a scroll of identify for 20 gold pieces
  8002 | D:9      | Bought a scroll of identify for 20 gold pieces
  8002 | D:9      | Bought a scroll of summoning for 95 gold pieces
  8028 | D:9      | Received a gift from Okawaru
  8328 | D:9      | Bought a wooden wand for 108 gold pieces
  8356 | D:10     | Entered Level 10 of the Dungeon
  8399 | D:10     | Reached XP level 11. HP: 84/84 MP: 3/13
  8451 | D:10     | Noticed a two-headed ogre
  8458 | D:10     | Killed a two-headed ogre
  8458 | D:10     | Reached **** piety under Okawaru
  8512 | D:10     | Noticed Snorg
  8893 | D:10     | Reached skill level 15 in Axes
  8985 | D:10     | HP: 4/85 [Snorg (16)]
  8986 | D:10     | Slain by Snorg

Vault maps used:
D:1:      minmay_arrival_four_loops
D:2:      first_bread, nrook_uturn, minmay_goblin_outpost
D:4:      kennysheep_little_box, grunt_decor_arrowhead, uniq_natasha
D:6:      portal_sewer_entry_f
D:7:      minmay_temple_entry_large_hall, uniq_crazy_yiuf_cottage
D:8:      grunt_livestock, patterned_corridor, uniq_maurice
D:9:      serial_shops, shop, shop
D:10:     uniq_snorg
Temple:   kilobyte_greek_temple
Sewer:    sewer_minmay_treatment

Skill      XL: |  1  2  3  4  5  6  7  8  9 10 11 |
---------------+----------------------------------+-----
Crossbows      | 5 6 7 8 9 10 | 10.0
Armour         | 4 6 |  6.7
Axes           | 9 12 14 15 | 15.1
Fighting       | 4 |  4.7
Invocations    | 2 3 |  3.1
Dodging        | 3 4 |  4.1
Stealth        | |  0.7

Action                   |  1- 3 |  4- 6 |  7- 9 | 10-12 || total
-------------------------+-------+-------+-------+-------++-------
Melee: Short sword       |    50 |    88 |       |       ||   138
       Headbutt          |     6 |    13 |    27 |    24 ||    70
       War axe           |       |       |   224 |   130 ||   354
       Punch             |       |       |       |     2 ||     2
 Fire: Hand crossbow     |    58 |    39 |   134 |    79 ||   310
Invok: Heroism           |       |       |       |     6 ||     6
Evoke: Wand              |       |       |     2 |    18 ||    20
  Use: Scroll            |     8 |     4 |     8 |     8 ||    28
       Potion            |       |     3 |     5 |     7 ||    15
  Eat: Chunk             |    14 |    14 |    19 |    16 ||    63
Armor: Ring mail         |    22 |    33 |   139 |     3 ||   197
       Skin              |       |    19 |     1 |       ||    20
       Chain mail        |       |       |       |   106 ||   106
Dodge: Dodged            |    49 |    53 |   131 |   116 ||   349

Table legend:
 A = Spawn XP
 B = Non-spawn XP
 C = Spawn XP percentage of total XP
 D = Spawn monster count
 E = Non-spawn monster count
 F = Spawn count percentage of total count
 G = Total turns spent on level
                    A         B        C        D         E        F      G
               +---------+---------+-------+---------+---------+-------+---------
         Total |       0 |   13735 |   0.0 |       0 |     255 |   0.0 |  8986
               +---------+---------+-------+---------+---------+-------+---------
           D:1 |       0 |      32 |   0.0 |       0 |      20 |   0.0 |   813
           D:2 |       0 |      55 |   0.0 |       0 |      28 |   0.0 |   746
           D:3 |       0 |     217 |   0.0 |       0 |      22 |   0.0 |   632
           D:4 |       0 |     401 |   0.0 |       0 |      11 |   0.0 |   541
           D:5 |       0 |     785 |   0.0 |       0 |      12 |   0.0 |   785
           D:6 |       0 |    1994 |   0.0 |       0 |      39 |   0.0 |   832
           D:7 |       0 |     924 |   0.0 |       0 |      17 |   0.0 |   975
           D:8 |       0 |    4411 |   0.0 |       0 |      23 |   0.0 |  1609
           D:9 |       0 |    1651 |   0.0 |       0 |      15 |   0.0 |   882
          D:10 |       0 |    3000 |   0.0 |       0 |      20 |   0.0 |   630
         Sewer |       0 |     265 |   0.0 |       0 |      48 |   0.0 |   401
               +---------+---------+-------+---------+---------+-------+---------
